 Dungeon Crawl Stone Soup version 0.31-a0-229-g1fc7ce93e2 (webtiles) character file.

Game seed: 3953600761629478526

51 qw the Shooter (level 3, 0/29 HPs)
             Began as a Minotaur Hexslinger on July 6, 2023.
             Slain by Robin
             ... wielding a +6 club
              (8 damage)
             ... on level 2 of the Dungeon.
             The game lasted 00:00:22 (853 turns).

qw the Shooter (Minotaur Hexslinger)                 Turns: 853, Time: 00:00:23

Health: 0/29       AC:  5    Str: 12    XL:     3   Next: 57%
Magic:  3/3        EV: 11    Int: 10    God:
Gold:   87         SH:  5    Dex: 14    Spells: 3/4 levels left

rFire   . . .        Y - +1 sling (freeze)
rCold   . . .        (no shield)
rNeg    . . .        d - +0 ring mail
rPois   .            (helmet restricted)
rElec   .            (no cloak)
rCorr   .            (no gloves)
SInv    .            (no boots)
Will    .....        f - amulet of reflection
Stlth   +            (no ring)
HPRegen 0.24/turn    (no ring)
MPRegen 0.08/turn

%: reflection
@: no status effects
A: horns 2, retaliatory headbutt
a: no special abilities


You were on level 2 of the Dungeon.
You visited 1 branch of the dungeon, and saw 2 of its levels.

You collected 87 gold pieces.


Innate Abilities, Weirdness & Mutations

You have a pair of horns on your head.
You reflexively headbutt those who attack you in melee.


   Skills:
 - Level 2.0 Fighting
 - Level 4.0 Ranged Weapons
 + Level 0.5 Armour
 - Level 2.1 Dodging
 - Level 1.0 Spellcasting
 - Level 2.0 Hexes


You had 3 spell levels left.
You knew the following spells:

 Your Spells              Type           Power      Damage    Failure   Level
a - Slow                  Hex            16%        N/A       34%         1

Your spell library contained the following spells:

 Spells                   Type           Power      Damage    Failure   Level
 Inner Flame              Hex/Fire       2%         N/A       83%         3
 Portal Projectile        Hex/Tloc       4%         N/A       83%         3
 Cause Fear               Hex            2%         N/A       98%         4

Inventory:

Hand Weapons
 Y - a +1 sling of freezing (weapon)
Armour
 d - a +0 ring mail (worn)
Jewellery
 f - an amulet of reflection (around neck)
Scrolls
 a - a scroll of teleportation {unknown}
Potions
 g - a potion of haste {unknown}
 h - a potion of brilliance {unknown}
 i - a potion of magic {unknown}

Dungeon Overview and Level Annotations

Branches:
Dungeon (2/15)

Altars:

Shops:
D:1 :

Annotations:
D:2 Robin


Message History

The goblins go into a battle-frenzy!
The goblin shouts!
You shoot a sling bullet.
The sling bullet closely misses the hobgoblin.
You hear a shout!
The goblin hits you with a +0 dagger. You block the hobgoblin's attack.
You shoot a sling bullet. The sling bullet hits the hobgoblin.
The sling bullet freezes the hobgoblin.
You kill the hobgoblin!
The goblin hits you but does no damage. Robin barely misses you.
You shoot a sling bullet.
The sling bullet hits Robin but does no damage.
The goblin hits you with a +0 dagger. Robin completely misses you.
A hobgoblin comes into view.
The goblin barely misses you.
A goblin comes into view. It is wielding a +0 dagger of venom.
Robin roars a battlecry!
The goblin goes into a battle-frenzy!
You shoot a sling bullet. The sling bullet hits Robin.
The sling bullet freezes Robin.
Robin is heavily wounded.
Robin throws the goblin at you! You block the goblin's attack.
You shoot a sling bullet.
The sling bullet hits Robin but does no damage.
Robin is heavily wounded.
You block the goblin's attack.
You shoot a sling bullet.
The sling bullet hits Robin but does no damage.
Robin is heavily wounded.
The goblin barely misses you. Robin hits you with a +6 club.
The hobgoblin misses you. The goblin closely misses you.
The goblin barely misses you. Robin hits you with a +6 club.
You shoot a sling bullet. The sling bullet hits Robin.
The sling bullet freezes Robin.
Robin is heavily wounded.
The goblin hits you with a +0 dagger. Robin closely misses you.
The goblin hits you but does no damage. The hobgoblin hits you.
You shoot a sling bullet. The sling bullet barely misses Robin.
The goblin hits you but does no damage. Robin hits you with a +6 club!
You die...

#........
#.......
#......
..... ....
#gg# #gg#
#@g#
########g###
#....<.....#
#...%......#
#..........#
#..........#
#........(.#
#..........#
#..........#


You could see Robin, 2 hobgoblins and 3 goblins.

Vanquished Creatures
  An adder (D:2)
  3 ball pythons (D:1)
  4 endoplasms (D:1)
  2 giant cockroaches (D:1)
  6 goblins
  7 hobgoblins
  3 jackals (D:1)
  A kobold (D:1)
  2 quokkas (D:1)
  A bat (D:1)
  A frilled lizard (D:1)
  2 rats (D:1)
33 creatures vanquished.

Notes
Turn   | Place    | Note
-------+----------+-------------------------------------------
     0 | D:1      | qw the Minotaur Hexslinger began the quest for the Orb.
     0 | D:1      | Reached XP level 1. HP: 16/16 MP: 1/1
     0 | D:1      | 0 ||| qw: Version: 0.3-a-46-gb1f654a
     0 | D:1      | 0 ||| qw: Game counter: 1649
     0 | D:1      | 0 ||| qw: Melee chars always use a shield: true
     0 | D:1      | 0 ||| qw: God list: Okawaru
     0 | D:1      | 0 ||| qw: Allow faded altars: false
     0 | D:1      | 0 ||| qw: Do Orc after clearing Dungeon:15 true
     0 | D:1      | 0 ||| qw: Do second Lair branch before Depths: true
     0 | D:1      | 0 ||| qw: Lair rune preference: random
     0 | D:1      | 0 ||| qw: Goals: Normal
     0 | D:1      | 0 ||| PLANNING D:1-11
    69 | D:1      | Reached skill level 3 in Ranged Weapons
    69 | D:1      | Reached XP level 2. HP: 23/23 MP: 2/2
   518 | D:1      | Found Ybbeybb's Book Boutique.
   598 | D:1      | Reached XP level 3. HP: 29/29 MP: 3/3
   785 | D:1      | 785 ||| UPGRADING to +0 ring mail.
   795 | D:1      | 795 ||| DROPPING +0 robe.
   796 | D:1      | 796 ||| UPGRADING to amulet of reflection.
   801 | D:1      | 801 ||| READING scroll labelled EQEJUO COLE.
   802 | D:1      | 802 ||| READING scroll labelled BOELO MIP ZEO.
   803 | D:1      | 803 ||| READING scroll labelled HUIPLO NEHIAKK.
   804 | D:1      | 804 ||| DRINKING 2 sedimented grey potions.
   805 | D:1      | 805 ||| DROPPING scroll of poison.
   806 | D:1      | 806 ||| DROPPING potion of attraction.
   840 | D:2      | Reached skill level 4 in Ranged Weapons
   840 | D:2      | Noticed Robin
   853 | D:2      | Slain by Robin

Levels and vault maps discovered:
D:1:      minmay_arrival_semitransparent, layout_loops_cross, serial_shops,
          nicolae_shop_behind_doors, minivault_5, minmay_door_square,
          st_stairs_9
D:2:      layout_rooms, uniq_robin, uniq_natasha

Skill      XL: |  1  2  3 |
---------------+----------+-----
Ranged Weapons | 3 4 |  4.0
Fighting       | 2 |  2.0
Armour         | |  0.5
Dodging        | |  2.1
Spellcasting   | |  1.0
Hexes          | |  2.0

Action                     || total
---------------------------++-------
   Fire: Sling             ||    95
    Use: Scroll            ||     3
         Potion            ||     1
 Armour: Robe              ||     2
         Ring mail         ||     4
  Dodge: Dodged            ||    23
  Block: Other             ||     5

Table legend:
 A = Non-vault XP
 B = Vault XP
 C = Vault XP percentage of total XP
 D = Non-vault monster count
 E = Vault monster count
 F = Vault count percentage of total count
                 A         B        C        D         E       F
            +---------+---------+-------+---------+---------+-------
      Total |      55 |      18 |  24.7 |      24 |       9 |  27.3
            +---------+---------+-------+---------+---------+-------
        D:1 |      40 |       4 |   9.1 |      22 |       2 |   8.3
        D:2 |      15 |      14 |  48.3 |       2 |       7 |  77.8
            +---------+---------+-------+---------+---------+-------
